cohdb
Replays
Latest Replays
All Replays
Popular Replays
Top Player Replays
Match Explorer
How It Works
Community
CoH3 Stats
Reddit
Sign in to upload your games and track your stats! →
Sign in with Steam
Match 44821631
Unlisted
Match 44821631
Overview
Messages
Build Orders
End
Construct Section Command Post
Vickers Machine Gun Team
Dingo Light Scout Car
Infantry Section
Infantry Section
Construct Platoon Command Post
Unlock M3 Stuart Light Tanks
M3 Stuart Light Tank
M3 Stuart Light Tank
M3 Stuart Light Tank
Selects Heavy Armor Battlegroup
Selects Rigorous Vehicle Training
Selects Light Vehicle Withdraw and Refit
Selects Radio Net
Light Vehicle Training
6-pounder Anti-tank Gun Team
M3 Stuart Light Tank
Selects Recon Artillery
男神贾队长
Scherzando
Nostalgia
NightGoDt
【POW】游骑
An.Ritter
Jeremy
JT
0
0
Comments
sign in to comment!
No comments posted yet!